Unix NetHack Version 3.7.0-88 Work-in-progress - last build Aug 21 2023 04:08:40 (b68ccb3e4f8f5dcb83e1e40b1ff56e7dffd4cd28,branch:master). Game began 2023-07-30 20:29:15, ended 2023-12-08 19:53:18. stenno, neutral female human Tourist --------- ---#######-.......| .|# # |..<..... -y|# # --------- ---- |.|# # |.. |@|# # |..--+-a|# ## |. |.a..|#### -- -|--..{..## |..a.)..[f@-# +. --|-...a|# -- ..|+--.|# |..| |.|# ---- |.| |.| -.| .| --- Stenno the Sightseer St:12 Dx:10 Co:14 In:11 Wi:11 Ch:18 Neutral Dlvl:6 $:1185 HP:40(40) Pw:22(22) AC:7 Exp:5 T:2069 Latest messages: Restoring save file... Aloha stenno, the human Tourist, welcome back to NetHack! Something is written here in the dust. You read: "Elbereth". Something is written here in the dust. You read: "Elbereth". You see no objects here. Really save? [yn] (n) n Really save? [yn] (n) y Saving... Restoring save file... Aloha stenno, the human Tourist, welcome back to NetHack! Something is written here in the dust. You read: "Elbereth". Really save? [yn] (n) y Saving... Restoring save file... Aloha stenno, the human Tourist, welcome back to NetHack! Something is written here in the dust. You read: "Elbereth". Really save? [yn] (n) y Saving... Restoring save file... Aloha stenno, the human Tourist, welcome back to NetHack! Something is written here in the dust. You read: "Elbereth". Really quit? [yes|n] (n) yes Do you want your possessions identified? [ynq] (y) q Inventory: Coins $ - 1185 gold pieces Weapons G - 20 uncursed +0 arrows a - 2 uncursed +2 darts (at the ready) B - 6 uncursed +2 darts M - 20 uncursed +0 darts A - 5 uncursed +0 daggers (wielded) Armor u - an uncursed +0 orcish helm (being worn) H - an uncursed +0 pair of iron shoes (being worn) P - an uncursed +0 pair of iron shoes I - an uncursed +0 dwarvish cloak (being worn) j - an uncursed +0 Hawaiian shirt with a jellyfish motif (being worn) Comestibles g - an uncursed apple b - 2 uncursed cream pies c - 4 uncursed food rations f - an uncursed sprig of wolfsbane d - an uncursed tripe ration e - an uncursed egg Scrolls x - an uncursed scroll of create monster y - a blessed scroll of enchant weapon r - an uncursed scroll of identify i - 3 uncursed scrolls of magic mapping s - a cursed scroll of remove curse p - a blessed scroll of teleportation Spellbooks m - an uncursed spellbook of charm monster T - an uncursed spellbook of detect food Potions q - a cursed potion of restore ability o - an uncursed potion of see invisible w - an uncursed potion of water Tools l - an uncursed credit card v - an uncursed expensive camera (0:64) Q - an uncursed oil lamp (lit) k - an uncursed skeleton key Gems/Stones C - an uncursed fluorite stone N - an uncursed topaz stone D - a cursed worthless piece of black glass L - an uncursed worthless piece of orange glass F - an uncursed worthless piece of white glass S - an uncursed rock Stenno the Tourist's attributes: Background: You were a Sightseer, a level 5 female human Tourist. You were neutral, on a mission for The Lady who was opposed by Blind Io (lawful) and Offler (chaotic). You were in the Gnomish Mines, on level 6. You entered the dungeon 2069 turns ago. You had 203 experience points, 117 more were needed to attain level 6. Basics: You had all 40 hit points. You had all 22 energy points (spell power). Your armor class was 7. Your wallet contained 1185 zorkmids. Autopickup was on for '$/=?!' plus thrown. Final Characteristics: Your strength was 12 (limit:18/100). Your dexterity was 10 (limit:18). Your constitution was 14 (limit:18). Your intelligence was 11 (limit:18). Your wisdom was 11 (limit:18). Your charisma was 18 (limit:18). Final Status: You were not hungry. You were unencumbered. You were wielding daggers. You were unskilled in dagger. Final Attributes: You were piously aligned. You were warded. You survived. Miscellaneous: You disabled loading of bones levels. Total elapsed playing time was 41 minutes and 5 seconds. Major events: Turn 1: stenno the neutral female human Tourist entered the dungeon 1068: entered the Gnomish Mines 1076: attained the rank of Sightseer (level 3) 2027: reached Mine Town 2069: quit Vanquished creatures: 4 gnome leaders a gnomish wizard 4 dwarves a giant bat a gas spore a hobbit 18 gnomes a gecko 4 jackals a kobold a goblin a grid bug 3 lichens a kobold zombie 2 newts 44 creatures vanquished. No species were genocided or became extinct. Voluntary challenges: You read items or engraved 2 times. You engraved Elbereth 1 time. You never genocided any monsters. You never polymorphed an object. You never changed form. You used no wishes. Achievements: You entered the Gnomish Mines. You attained the rank of Sightseer. You entered Minetown. The Dungeons of Doom: levels 1 to 4 Level 1: Level 2: Level 3: Stairs down to The Gnomish Mines. Level 4: The Gnomish Mines: levels 4 to 6 Level 4: Level 5: Level 6: <- You were here. A fountain. Aloha stenno the Tourist... You quit in The Gnomish Mines on dungeon level 6 with 1389 points, and 1185 pieces of gold, after 2069 moves. You were level 5 with a maximum of 40 hit points when you quit.